 Dungeon Crawl Stone Soup version bcrawl-1.21.2-28-g2cb1824106 (webtiles) character file.

Game seed: 5587445519514927995

180 lemonriz the Conjurer (level 5, -3/31 HPs)
             Began as a Fairy Conjurer on Mar 20, 2020.
             Killed by divine providence
             ... invoked by an orc priest
              (11 damage)
             ... on level 3 of the Dungeon.
             The game lasted 00:06:41 (2215 turns).

lemonriz the Conjurer (Fairy Conjurer)              Turns: 2215, Time: 00:06:41

Health: -3/31      AC:  5    Str:  6    XL:     5   Next: 60%
Magic:  6/13       EV: 18    Int: 20    God:
Gold:   101        SH:  4    Dex: 12    Spells: 7/13 levels left

rFire    . . .     SeeInvis .   s - +5 dagger
rCold    . . .     Gourm    .   (shield restricted)
rNeg     + . .     Faith    .   (armour unavailable)
rPois    .         Spirit   .   (no helmet)
rElec    .         Reflect  .   j - +0 cloak
rCorr    .         Harm     .   (no gloves)
MR       .....                  (no boots)
Stlth    +.........             (no amulet)
HPRegen  0.10/turn              g - ring of positive energy
MPRegen  0.13/turn              (no ring)

@: flying evasively
A: small, magic attunement, unstealthy, unfitting armour, able to fly, AC/SH +4
a: Stop Flying


You were on level 3 of the Dungeon.
You were not hungry.

You visited 1 branch of the dungeon, and saw 3 of its levels.

You collected 101 gold pieces.

Inventory:

Hand Weapons
 s - a +5 dagger (weapon)
Armour
 j - a +0 cloak (worn)
Jewellery
 g - a ring of positive energy (left hand)
Wands
 r - a wand of polymorph (6)
Scrolls
 a - a scroll of fog {unknown}
 c - a scroll of amnesia
 f - a scroll of immolation {unknown}
 i - 3 scrolls of remove curse {unknown}
 k - a scroll of noise {unknown}
 m - 2 scrolls of teleportation {unknown}
 n - 2 scrolls of enchant weapon {unknown}
 o - a scroll of enchant armour {unknown}
 t - a scroll of identify {unknown}
Potions
 b - 2 potions of magic
 d - a potion of curing {unknown}
 h - a potion of mutation {unknown}
 l - a potion of heal wounds {unknown}
 p - 2 potions of berserk rage {unknown}
 q - a potion of agility {unknown}
 v - a potion of ambrosia {unknown}
Comestibles
 e - 4 rations {!d}
 u - a chunk of flesh


   Skills:
 + Level 4.7 Dodging
 - Level 1.5 Stealth
 + Level 4.5 Spellcasting
 + Level 6.1 Conjurations


You had 7 spell levels left.
You knew the following spells:

 Your Spells              Type           Power        Failure   Level  Hunger
a - Magic Dart            Conj           ####         1%          1    None
b - Searing Ray           Conj           ####....     1%          2    None
c - Iskenderun's Mystic   Conj           ####....     3%          3    None

Your spell library contained the following spells:

 Spells                   Type           Power        Failure   Level  Hunger
 Fulminant Prism          Conj/Hex       ###.......   34%         4    None
 Irradiate                Conj/Tmut      ###.......   67%         5    None


Dungeon Overview and Level Annotations

Branches:
Dungeon (3/12)

Altars:


Innate Abilities, Weirdness & Mutations

Your spells do not cause hunger and MP costs are reduced by 1.
Your bright wings attract enemies. (Stealth-)
You cannot fit into any form of body armour.
Your shimmering scales are hard and can block incoming attacks. (AC +4, SH +4)
You are small and have problems with some larger weapons.
You can fly continuously.


Message History

(Press . to maintain the ray.)
You block the orc's attack.
The orc priest calls upon Beogh to heal the orc.
The orc's wounds heal themselves!
The searing ray hits the orc!
You kill the orc!
The searing ray hits the orc!
You kill the orc!
The orc priest mumbles some strange prayers to Beogh against you.
Beogh smites you!
The searing ray hits the orc!
You kill the orc!
Something hits you!
* * * LOW HITPOINT WARNING * * *
The searing ray hits something!
Reactivating autopickup.
You feel a bit more experienced.
The orc priest mumbles some strange prayers to Beogh against you.
Beogh smites you!
You die...

...........#
#.#.......#
######.#####
#.###...### #.#
#.# #...# #'#
#.# ##### ...
#.# .... #.###
...... #.#.##
....o.###....##
......()@.....#
......###....##
..... #.#.##
.... #.### ...
#.# #+ #.# #..
##.


You could see an orc priest.

Vanquished Creatures
  An orc priest (D:3)
  Crazy Yiuf (D:2)
  An iguana (D:2)
  2 adders (D:3)
  An ooze (D:2)
  2 worms
  A dart slug (D:2)
  4 leopard geckos
  6 orcs (D:3)
  5 bats
  6 giant cockroaches
  7 goblins
  A hobgoblin (D:2)
  4 jackals (D:3)
  A quokka (D:2)
  9 kobolds
  5 rats
57 creatures vanquished.

Notes
Turn   | Place    | Note
-------+----------+-------------------------------------------
     0 | D:1      | lemonriz the Fairy Conjurer began the quest for the Orb.
     0 | D:1      | Reached XP level 1. HP: 11/11 MP: 6/6
    91 | D:1      | Reached skill level 5 in Conjurations
   119 | D:1      | Reached XP level 2. HP: 17/17 MP: 8/8
   269 | D:1      | Learned a level 2 spell: Searing Ray
   736 | D:2      | Reached XP level 3. HP: 21/21 MP: 9/9
   942 | D:2      | Reached XP level 4. HP: 18/27 MP: 4/11
  1061 | D:2      | Found a runed door.
  1065 | D:2      | Noticed Crazy Yiuf
  1069 | D:2      | Killed Crazy Yiuf
  1179 | D:2      | Learned a level 3 spell: Iskenderun's Mystic Blast
  1895 | D:3      | Reached XP level 5. HP: 31/31 MP: 5/13
  1984 | D:3      | Reached skill level 6 in Conjurations
  2215 | D:3      | Killed from afar by an orc priest

Skill      XL: |  1  2  3  4  5 |
---------------+----------------+-----
Conjurations   | 5 6 |  6.1
Spellcasting   | 3 4 |  4.5
Dodging        | 3 4 |  4.7
Stealth        | |  1.5

Action                   |  1- 3 |  4- 6 || total
-------------------------+-------+-------++-------
Melee: Unarmed           |    10 |     4 ||    14
       Dagger            |       |     5 ||     5
       Quarterstaff      |       |     4 ||     4
 Cast: Magic Dart        |    53 |    35 ||    88
       Searing Ray       |     2 |     7 ||     9
       Iskenderun's Myst |       |     3 ||     3
  Use: Scroll            |     1 |       ||     1
  Eat: Chunk             |       |     4 ||     4
Armor: Skin              |     5 |       ||     5
Dodge: Dodged            |    13 |    17 ||    30
Block: Other             |     3 |     7 ||    10
